 Dungeon Crawl Stone Soup version 0.28.0-45-g0d030f2227 (webtiles) character file.

Game seed: 5120325544778894882

32 McKennaii the Skirmisher (level 3, 0/29 HPs)
             Began as a Demonspawn Fighter on Apr 7, 2022.
             Slain by a goblin
             ... wielding a +0 club
              (4 damage)
             ... on level 2 of the Dungeon.
             The game lasted 00:00:47 (1106 turns).

McKennaii the Skirmisher (Demonspawn Fighter)       Turns: 1106, Time: 00:00:48

Health: 0/29       AC:  6    Str: 18    XL:     3   Next: 10%
Magic:  3/3        EV:  9    Int:  9    God:
Gold:   10         SH:  4    Dex: 12    Spells: 2/2 levels left

rFire   . . .      SeeInvis .   a - +0 trident
rCold   . . .      Faith    .   c - +0 buckler
rNeg    . . .      Spirit   .   b - +0 scale mail
rPois   .          Reflect  .   (no helmet)
rElec   .          Harm     .   (no cloak)
rCorr   .          Rampage  .   (no gloves)
Will    .....                   (no boots)
Stlth   ..........              (no amulet)
HPRegen 1.09/turn               (no ring)
MPRegen 0.16/turn               (no ring)

@: mighty
A: powered by death 1, magic regeneration
a: no special abilities


You were on level 2 of the Dungeon.
You visited 1 branch of the dungeon, and saw 2 of its levels.

You collected 10 gold pieces.

Inventory:

Hand Weapons
 a - a +0 trident (weapon)
Armour
 b - a +0 scale mail (worn)
 c - a +0 buckler (worn)
Scrolls
 f - a scroll of brand weapon {unknown}
 g - a scroll of teleportation {unknown}
 h - a scroll of identify {unknown}
Potions
 e - a potion of degeneration {unknown}


   Skills:
 + Level 3.3 Fighting
 + Level 2.2 Polearms
 + Level 3.0 Armour
 + Level 3.0 Shields


You had 2 spell levels left.
You didn't know any spells.
Your spell library was empty.

Dungeon Overview and Level Annotations

Branches:
Dungeon (2/15)

Altars:

Shops:
D:2 [


Innate Abilities, Weirdness & Mutations

You regenerate a little health from kills.
You regenerate magic rapidly.


Message History

The hobgoblin hits you but does no damage.
The adder bites you.
There are monsters nearby!
You miss the adder. The adder bites you but does no damage.
You block the hobgoblin's attack.
You closely miss the adder. The adder completely misses you.
A hobgoblin comes into view.
The hobgoblin hits you. The adder bites you.
You are poisoned.
The adder poisons you!
Okay, then.
You feel very mighty all of a sudden.
You feel sick. The goblin hits you but does no damage.
You block the hobgoblin's attack. The adder bites you but does no damage.
You closely miss the adder.
You feel sick. The adder bites you but does no damage.
The goblin hits you but does no damage. The hobgoblin hits you.
The adder closely misses you. The goblin hits you but does no damage.
The hobgoblin hits you.
* * * LOW HITPOINT WARNING * * *
You barely miss the adder.
You feel sick. The adder bites you but does no damage.
The goblin hits you but does no damage. The hobgoblin barely misses you.
The adder bites you but does no damage.
Unknown command.
You closely miss the adder.
You feel sick. The goblin barely misses you. The adder bites you.
* * * LOW HITPOINT WARNING * * *
The hobgoblin completely misses you.
Unknown command.
You puncture the adder!
The adder is severely wounded.
You feel sick.
You are no longer poisoned.
The adder completely misses you. The goblin hits you with a +0 club.
* * * LOW HITPOINT WARNING * * *
The hobgoblin hits you but does no damage.
The adder bites you but does no damage. The goblin barely misses you.
You puncture the adder!
You kill the adder!
The hobgoblin barely misses you. The goblin hits you with a +0 club.
You die...

.# P #. P # #.##
P#P# . .#.#.#.
.#.#.# ..^....
.^.... (......
..... #.#...g###..#
......g@gS#
#.#....##.# #......
#.# ####### #.#
#... ####.######
#... #.........#
#... #.......#.#
#...
#.....).#.######...
#.......#.#........


You could see 2 hobgoblins, a goblin and a ball python.

Vanquished Creatures
  2 adders (D:2)
  A worm (D:2)
  2 bats
  2 endoplasms (D:1)
  4 goblins
  A hobgoblin (D:1)
  2 jackals (D:2)
  3 ball pythons (D:1)
  A frilled lizard (D:1)
  3 kobolds
  2 rats (D:2)
23 creatures vanquished.

Notes
Turn   | Place    | Note
-------+----------+-------------------------------------------
     0 | D:1      | McKennaii the Demonspawn Fighter began the quest for the
                  | Orb.
     0 | D:1      | Reached XP level 1. HP: 18/18 MP: 1/1
   239 | D:1      | Gained mutation: You regenerate magic rapidly. [demonic
                  | ancestry]
   239 | D:1      | Reached XP level 2. HP: 24/24 MP: 2/2
   946 | D:2      | Gained mutation: You regenerate a little health from kills.
                  | [demonic ancestry]
   946 | D:2      | Reached XP level 3. HP: 29/29 MP: 3/3
  1082 | D:2      | Found Honkyorgh's Antique Armour Emporium.
  1106 | D:2      | Slain by a goblin

Illustrated notes

Levels and vault maps discovered:
D:1:      scummos_arrival_simple_fountains, layout_basic
D:2:      layout_loops_cross, serial_shops, nicolae_shop_hallway_stairs,
          shapermc_ecumenical_altar_rom_forum, minmay_rat_gold_closets

Skill      XL: |  1  2 |
---------------+-------+-----
Polearms       | 2 |  2.2
Armour         | 3 |  3.0
Shields        | 3 |  3.0
Fighting       | |  3.3

Action                   || total
-------------------------++-------
Melee: Trident           ||    94
  Use: Potion            ||     2
Armor: Scale mail        ||    46
Dodge: Dodged            ||    48
Block: Buckler           ||    17
